 Dungeon Crawl Stone Soup version 0.23-b1-49-g13d5857 (webtiles) character file.

Game seed: 14900622555357860597

3336 bosm the Quickloader (level 10, -3/59 HPs)
             Began as a Kobold Hunter on Feb 3, 2019.
             Was an Initiate of Gozag.
             Slain by a steam dragon (8 damage)
             ... on level 8 of the Dungeon.
             The game lasted 00:23:07 (10424 turns).

bosm the Quickloader (Kobold Hunter)               Turns: 10424, Time: 00:23:08

Health: -3/59      AC:  9    Str: 11    XL:     10   Next: 22%
Magic:  14/14      EV: 18    Int: 13    God:    Gozag
Gold:   328        SH:  0    Dex: 22    Spells: 9/9 levels left

rFire    . . .     SeeInvis .   w - +1 hand crossbow
rCold    . . .     Gourm    .   (shield restricted)
rNeg     . . .     Faith    .   i - +1 ring mail
rPois    .         Spirit   .   o - +2 hat
rElec    .         Reflect  .   c - +0 cloak
rCorr    .         Harm     .   (no gloves)
MR       .....                  (no boots)
Stlth    ++........             (no amulet)
HPRegen  0.19/turn              v - ring of flight
MPRegen  0.14/turn              l - +5 ring of dexterity

@: gold aura
A: small, carnivore
a: Potion Petition, Call Merchant, Bribe Branch, Renounce Religion, Evoke Flight


You were on level 8 of the Dungeon.
You worshipped Gozag.
Gozag was aware of your devotion.
You were not hungry.

You visited 1 branch of the dungeon, and saw 8 of its levels.

You collected 824 gold pieces.
You spent 396 gold pieces at shops.
You paid 100 gold pieces to Gozag.

Inventory:

Hand Weapons
 a - a +3 scimitar
 q - a +1 rapier
 w - a +1 hand crossbow (weapon)
Missiles
 d - 23 bolts (quivered)
Armour
 c - a +0 cloak (worn)
 i - a +1 ring mail (worn)
 o - a +2 hat (worn)
Jewellery
 l - a +5 ring of dexterity (right hand)
 v - a ring of flight (left hand)
Wands
 j - a wand of polymorph (9)
 r - a wand of disintegration (3)
 s - a wand of random effects (19)
 t - a wand of enslavement (10)
Scrolls
 k - 2 scrolls of magic mapping
 m - 2 scrolls of remove curse
 n - a scroll of enchant armour
 p - 3 scrolls of identify
 u - a scroll of amnesia
 x - a scroll of enchant weapon
 y - a scroll of brand weapon {unknown}
Potions
 b - a potion of agility
 e - a potion of flight
 g - a potion of curing
 h - 3 potions of magic
Comestibles
 f - 6 rations


   Skills:
 + Level 5.5 Fighting
 - Level 8.2(9.0) Short Blades
 * Level 3.4(4.8) Long Blades
 * Level 10.3 Crossbows
 + Level 6.8 Dodging
 - Level 1.3 Stealth
 + Level 5.3 Evocations


You had 9 spell levels left.
You didn't know any spells.
Your spell library was empty.

Dungeon Overview and Level Annotations

Branches:
Dungeon (8/15)             Temple (0/1) D:7
   Lair: D:8-11

Altars:
Cheibriados
Elyvilon
Fedhas
Gozag
Makhleb
Qazlal
Sif Muna
Vehumet
Zin
The Shining One

Shops:
D:6 !   D:7 (

Annotations:
D:3 2 transporters


Innate Abilities, Weirdness & Mutations

You are small and have problems with some larger weapons.
You are carnivorous and can eat meat at any time.


Message History

You are engulfed in a cloud of scalding steam.
The steam dragon breathes steam at you. The ball of steam misses you.
You hear a shout!
Firing (i - inventory)
d - 25 bolts (quivered)
Press: ? - help, Shift-Dir - straight line, f/p - steam dragon
Aim: a steam dragon (severely wounded, catching its breath)
You shoot a bolt.
The bolt closely misses the steam dragon.
The steam dragon bites you.
* * * LOW HITPOINT WARNING * * *
The steam dragon claws you but does no damage.
Firing (i - inventory)
d - 24 bolts (quivered)
Press: ? - help, Shift-Dir - straight line, f/p - steam dragon
Aim: a steam dragon (severely wounded, catching its breath)
You shoot a bolt. The bolt hits the steam dragon!
The steam dragon is almost dead.
The steam dragon bites you!
You die...
Your body crumbles into a pile of gold.

## ........# #.
........# +# .......# #
#+### #....#
#...###....## ..
#...........# $ ....
#..........(#
.....#....>.....@#
.....+.........D(#
#...####'###...$##
#...##....##...$#
.....#....+....(.......
.....'....#(...........
.....#....#............
....########...........
.<..## #...........


You could see a steam dragon.

Vanquished Creatures
  Grinder (D:4)
  A hippogriff (D:8)
  Sigmund (D:5)
  Duvessa (D:6)
  A soldier ant (D:7)
  An orc warrior (D:6)
  A black bear (D:6)
  A phantom (D:4)
  3 ogres
  2 centaurs
  3 bullfrogs
  Dowan (D:6)
  2 scorpions (D:6)
  3 killer bees
  4 wights (D:6)
  4 crimson imps
  A hound (D:7)
  6 orc priests
  A centaur skeleton (D:4)
  Crazy Yiuf (D:5)
  A bullfrog skeleton (D:4)
  A jelly (D:5)
  A gnoll shaman (D:7)
  6 orc wizards
  Jessica (D:2)
  2 iguanas
  4 worker ants
  A hound zombie (D:5)
  A howler monkey zombie (D:6)
  10 adders
  12 gnolls
  A shadow imp (D:7)
  2 oozes
  An adder skeleton (D:5)
  2 worms
  4 dart slugs
  6 leopard geckos
  16 orcs
  4 bats
  10 giant cockroaches
  6 goblins
  10 hobgoblins
  10 jackals
  8 kobolds
  7 quokkas
  3 ball pythons
  6 frilled lizards
  A jackal skeleton (D:3)
  A leopard gecko zombie (D:7)
  A quokka skeleton (D:4)
  2 rats
180 creatures vanquished.

Vanquished Creatures (others)
  A sky beast (D:7)
  3 fungi (D:7)
  2 plants (D:7)
6 creatures vanquished.

Grand Total: 186 creatures vanquished

Notes
Turn   | Place    | Note
-------+----------+-------------------------------------------
     0 | D:1      | bosm the Kobold Hunter began the quest for the Orb.
     0 | D:1      | Reached XP level 1. HP: 12/12 MP: 1/1
   300 | D:1      | Reached skill level 1 in Short Blades
   300 | D:1      | Reached skill level 5 in Crossbows
   301 | D:1      | Reached XP level 2. HP: 15/17 MP: 2/2
   733 | D:1      | Reached XP level 3. HP: 21/21 MP: 3/3
  1273 | D:2      | Noticed Jessica
  1275 | D:2      | Killed Jessica
  1275 | D:2      | Reached XP level 4. HP: 26/26 MP: 4/4
  1808 | D:2      | Reached XP level 5. HP: 23/30 MP: 5/5
  1919 | D:2      | Found a burning altar of Makhleb.
  1955 | D:2      | Reached skill level 6 in Crossbows
  2437 | D:3      | Reached XP level 6. HP: 35/35 MP: 6/6
  3402 | D:3      | Reached skill level 5 in Short Blades
  3864 | D:3      | Found a snail-covered altar of Cheibriados.
  3864 | D:3      | Found a transporter.
  3874 | D:3      | Found a transporter.
  3895 | D:3      | Reached skill level 7 in Crossbows
  3895 | D:3      | Reached XP level 7. HP: 26/40 MP: 7/7
  4792 | D:4      | Reached skill level 1 in Evocations
  4857 | D:4      | Noticed Grinder
  4908 | D:4      | Killed Grinder
  5350 | D:4      | Reached XP level 8. HP: 46/46 MP: 9/9
  5392 | D:4      | Found a radiant altar of Vehumet.
  5637 | D:4      | Found a blossoming altar of Fedhas.
  6028 | D:5      | Entered Level 5 of the Dungeon
  6028 | D:5      | Found an opulent altar of Gozag.
  6047 | D:5      | Became a worshipper of Gozag Ym Sagoz the Greedy
  6167 | D:5      | Noticed Sigmund
  6174 | D:5      | Killed Sigmund
  6174 | D:5      | Reached skill level 8 in Crossbows
  6223 | D:5      | Reached skill level 5 in Dodging
  6408 | D:5      | Found a deep blue altar of Sif Muna.
  7236 | D:5      | Found a runed translucent door.
  7237 | D:5      | Noticed Crazy Yiuf
  7252 | D:5      | Killed Crazy Yiuf
  7328 | D:6      | Reached XP level 9. HP: 28/52 MP: 11/11
  7864 | D:6      | Reached skill level 9 in Crossbows
  8116 | D:6      | Found Liedi's Distillery.
  8168 | D:6      | Bought 2 potions of curing for 66 gold pieces
  8168 | D:6      | Bought a potion of curing for 33 gold pieces
  8168 | D:6      | Bought a potion of curing for 33 gold pieces
  8168 | D:6      | Bought a potion of haste for 110 gold pieces
  8168 | D:6      | Bought a potion of might for 44 gold pieces
  8168 | D:6      | Bought a potion of haste for 110 gold pieces
  8223 | D:6      | Reached skill level 1 in Long Blades
  8487 | D:6      | Noticed Duvessa
  8487 | D:6      | Noticed Dowan
  8510 | D:6      | Killed Duvessa
  8517 | D:6      | Killed Dowan
  8891 | D:7      | Found a staircase to the Ecumenical Temple.
  9001 | D:7      | Reached skill level 5 in Fighting
  9004 | D:7      | Found a glowing silver altar of Zin.
  9004 | D:7      | Found a white marble altar of Elyvilon.
  9005 | D:7      | Found a glowing golden altar of the Shining One.
  9024 | D:7      | Found a blossoming altar of Fedhas.
  9239 | D:7      | Found Wunt's Antique Weapon Emporium.
  9341 | D:7      | Reached XP level 10. HP: 21/59 MP: 13/13
  9343 | D:7      | Reached skill level 10 in Crossbows
  9665 | D:7      | Found a stormy altar of Qazlal.
  9705 | D:7      | Reached skill level 5 in Evocations
 10424 | D:8      | Slain by a steam dragon

Skill      XL: |  1  2  3  4  5  6  7  8  9 10 |
---------------+-------------------------------+-----
Short Blades   | 1 3 4 5 6 7 8 |  8.2
Crossbows      | 5 6 7 8 9 10 | 10.3
Dodging        | 3 4 5 6 |  6.8
Evocations     | 2 3 4 5 |  5.3
Fighting       | 3 4 5 |  5.5
Long Blades    | 2 3 |  3.4
Stealth        | |  1.3

Action                   |  1- 3 |  4- 6 |  7- 9 | 10-12 || total
-------------------------+-------+-------+-------+-------++-------
Melee: Short sword       |    75 |    34 |       |       ||   109
       Rapier            |       |   156 |   159 |       ||   315
       Scimitar          |       |       |   116 |    57 ||   173
 Fire: Hand crossbow     |    10 |    61 |   112 |    10 ||   193
Evoke: Wand              |       |       |     7 |       ||     7
  Use: Potion            |       |       |    13 |       ||    13
       Scroll            |       |       |    13 |       ||    13
 Stab: Distracted        |     1 |       |       |       ||     1
       Sleeping          |       |     1 |     1 |     1 ||     3
  Eat: Chunk             |     7 |     5 |    12 |       ||    24
       Ration            |       |       |     1 |     2 ||     3
Armor: Leather armour    |     8 |       |       |       ||     8
       Chain mail        |     9 |       |       |       ||     9
       Ring mail         |     3 |    57 |    80 |    33 ||   173
Dodge: Dodged            |    39 |   178 |   225 |    54 ||   496
       Rpst.: Scimitar   |       |       |    23 |     9 ||    32
